[ PARTIDA AOE2 · #477751307 ]
UnrankedPersas vs Spanish
[ ANÁLISIS DE REPETICIÓN · EXTRAÍDO DE LA PARTIDA GRABADA ]
Feudal
12:37
Castillos
17:36
Imperial
36:52
| APM promedio | 29.8 |
| APM pico | 168 |
| eAPM promedio | 25.6 |
| Aldeanos / militares | 167 / 1261 |
Foco
⚔️ 64.8% · 🌾 35.2%
War Elephant ×570 · Knight ×273 · Spearman ×199 · Scout Cavalry ×108 · Skirmisher ×78 · Trade Cart ×57
Feudal
13:01
Castillos
21:55
Imperial
35:12
| APM promedio | 18.2 |
| APM pico | 57 |
| eAPM promedio | 10.8 |
| Aldeanos / militares | 142 / 861 |
Foco
⚔️ 38.6% · 🌾 61.4%
Scout Cavalry ×500 · Ballista Elephant ×359 · Trade Cart ×40 · Knight ×2
Feudal
13:35
Castillos
21:29
Imperial
41:32
| APM promedio | 30.5 |
| APM pico | 96 |
| eAPM promedio | 14.1 |
| Aldeanos / militares | 99 / 997 |
Foco
⚔️ 39.9% · 🌾 60.1%
Knight ×837 · Conquistador ×130 · Trade Cart ×85 · Bombard Cannon ×20 · Trebuchet (Packed) ×5 · Mangonel ×3
Feudal
11:32
Castillos
19:13
Imperial
36:24
| APM promedio | 20.8 |
| APM pico | 54 |
| eAPM promedio | 15.1 |
| Aldeanos / militares | 170 / 1690 |
Foco
⚔️ 52.6% · 🌾 47.4%
Scout Cavalry ×647 · Skirmisher ×630 · Mangudai ×161 · Battering Ram ×87 · Steppe Lancer ×76 · Camel Scout ×39
Feudal
12:44
Castillos
21:46
Imperial
37:49
| APM promedio | 31.0 |
| APM pico | 87 |
| eAPM promedio | 17.6 |
| Aldeanos / militares | 105 / 1599 |
Foco
⚔️ 33.0% · 🌾 67.0%
Battle Elephant ×1065 · Spearman ×412 · Militia ×117 · Trade Cart ×82 · Mangonel ×5
Feudal
21:03
Castillos
30:24
Imperial
43:58
| APM promedio | 25.5 |
| APM pico | 93 |
| eAPM promedio | 13.5 |
| Aldeanos / militares | 145 / 1019 |
Foco
⚔️ 37.3% · 🌾 62.7%
Knight ×641 · Scout Cavalry ×284 · Bombard Cannon ×94 · Trade Cart ×80
Feudal
11:56
Castillos
16:08
Imperial
30:19
| APM promedio | 38.9 |
| APM pico | 104 |
| eAPM promedio | 21.4 |
| Aldeanos / militares | 213 / 1329 |
Foco
⚔️ 53.9% · 🌾 46.1%
Spearman ×691 · Mangonel ×517 · Trade Cart ×59 · Scorpion ×29 · Bombard Cannon ×26 · Archer ×19
Feudal
11:53
Castillos
16:42
Imperial
33:48
| APM promedio | 20.3 |
| APM pico | 66 |
| eAPM promedio | 13.6 |
| Aldeanos / militares | 139 / 2562 |
Foco
⚔️ 57.3% · 🌾 42.7%
Spearman ×894 · Scout Cavalry ×843 · Mangudai ×818 · Trade Cart ×33 · Trebuchet (Packed) ×5 · Monk ×2
Mapa de la partida
Recursos iniciales + cada clic de construcción. Líneas = muros · curvas = relieve. ◆ oro · ⬟ piedra · ● bayas · ✦ reliquia · ◌ hueco del cierre
Tu base· ✓ Cerrada en 17:36 · 0t muro · sin puerta
Base de lingluo· ✓ Cerrada en 21:55 · 34t muro · 1 puerta(s)
Base de 伯乐看了都说好马· ✓ Cerrada en 21:29 · 0t muro · sin puerta
Base de sese· ✓ Cerrada en 19:13 · 0t muro · sin puerta
Base de Ice Crystal Cold Star· ✓ Cerrada en 21:46 · 59t muro · 4 puerta(s)
Base de 小鱼儿· ✓ Cerrada en 30:24 · 19t muro · sin puerta
Base de wofu· ✓ Cerrada en 16:08 · 0t muro · sin puerta
Base de ylmz_karagol· ✓ Cerrada en 16:42 · 0t muro · sin puerta
Terreno inicial suavizado · ◌ = hueco del cierre detectado · pasá el cursor para detalles
Inputs por minuto
— sujing810 - - lingluo
Build order — sujing810
Primeras 150 de 1793 acciones detectadas
| 0:06 | Investigar | Loom |
| 0:08 | Crear | Villager (Male) |
| 0:09 | Crear | Villager (Male) |
| 0:09 | Crear | Villager (Male) |
| 0:39 | Construir | House |
| 0:42 | Construir | House |
| 0:43 | Construir | House |
| 0:49 | Construir | House |
| 1:41 | Crear | Villager (Male) |
| 1:42 | Crear | Villager (Male) |
| 2:49 | Construir | Lumber Camp |
| 2:50 | Crear | Villager (Male) |
| 2:51 | Crear | Villager (Male) |
| 2:51 | Crear | Villager (Male) |
| 3:27 | Crear | Villager (Male) |
| 3:27 | Crear | Villager (Male) |
| 3:27 | Crear | Villager (Male) |
| 3:44 | Crear | Villager (Male) |
| 3:44 | Crear | Villager (Male) |
| 3:45 | Crear | Villager (Male) |
| 4:11 | Crear | Villager (Male) |
| 4:11 | Crear | Villager (Male) |
| 4:29 | Crear | Villager (Male) |
| 4:29 | Crear | Villager (Male) |
| 4:49 | Crear | Villager (Male) |
| 4:49 | Crear | Villager (Male) |
| 4:50 | Crear | Villager (Male) |
| 5:12 | Crear | Villager (Male) |
| 5:12 | Crear | Villager (Male) |
| 5:36 | Crear | Villager (Male) |
| 5:37 | Crear | Villager (Male) |
| 5:59 | Crear | Villager (Male) |
| 5:59 | Crear | Villager (Male) |
| 6:00 | Crear | Villager (Male) |
| 6:00 | Crear | Villager (Male) |
| 6:21 | Crear | Villager (Male) |
| 6:21 | Crear | Villager (Male) |
| 6:22 | Crear | Villager (Male) |
| 6:23 | Crear | Villager (Male) |
| 6:57 | Crear | Villager (Male) |
| 6:57 | Crear | Villager (Male) |
| 6:58 | Crear | Villager (Male) |
| 8:18 | Crear | Villager (Male) |
| 8:18 | Crear | Villager (Male) |
| 8:18 | Crear | Villager (Male) |
| 8:19 | Crear | Villager (Male) |
| 8:19 | Crear | Villager (Male) |
| 8:19 | Crear | Villager (Male) |
| 8:55 | Construir | Mining Camp |
| 9:00 | Crear | Villager (Male) |
| 9:01 | Crear | Villager (Male) |
| 9:20 | Construir | Mill |
| 9:39 | Construir | Mining Camp |
| 9:44 | Crear | Villager (Male) |
| 10:33 | Investigar | Feudal Age |
| 10:33 | Investigar | Feudal Age |
| 10:34 | Investigar | Feudal Age |
| 10:39 | Construir | House |
| 10:41 | Construir | House |
| 12:37 | Edad | Edad Feudal |
| 12:50 | Investigar | Wheelbarrow |
| 12:56 | Investigar | Double-Bit Axe |
| 13:01 | Construir | Blacksmith |
| 13:12 | Construir | Market |
| 15:10 | Investigar | Castle Age |
| 15:10 | Investigar | Castle Age |
| 15:11 | Investigar | Castle Age |
| 15:44 | Investigar | Horse Collar |
| 15:44 | Investigar | Horse Collar |
| 15:54 | Construir | Farm |
| 15:55 | Construir | Farm |
| 15:57 | Construir | Farm |
| 15:59 | Construir | Farm |
| 16:00 | Construir | Farm |
| 16:02 | Construir | Farm |
| 16:04 | Construir | Farm |
| 16:06 | Construir | Farm |
| 16:07 | Construir | Farm |
| 16:07 | Construir | Farm |
| 16:07 | Construir | Farm |
| 16:07 | Construir | Farm |
| 16:08 | Construir | Farm |
| 16:08 | Construir | Farm |
| 16:08 | Construir | Farm |
| 16:09 | Construir | Farm |
| 16:09 | Construir | Farm |
| 16:09 | Construir | Farm |
| 16:11 | Construir | Farm |
| 16:11 | Construir | Farm |
| 16:11 | Construir | Farm |
| 16:12 | Construir | Farm |
| 16:12 | Construir | Farm |
| 16:12 | Construir | Farm |
| 17:36 | Edad | Edad de los Castillos |
| 17:41 | Investigar | Hand Cart |
| 17:46 | Investigar | Bow Saw |
| 17:47 | Investigar | Bow Saw |
| 17:47 | Investigar | Bow Saw |
| 18:24 | Crear | Villager (Male) |
| 18:24 | Crear | Villager (Male) |
| 19:06 | Construir | Town Center |
| 19:10 | Crear | Villager (Male) |
| 19:18 | Crear | Villager (Male) |
| 19:56 | Construir | Town Center |
| 20:17 | Crear | Villager (Male) |
| 20:17 | Crear | Villager (Male) |
| 20:35 | Construir | Town Center |
| 20:42 | Crear | Villager (Male) |
| 20:42 | Crear | Villager (Male) |
| 20:56 | Construir | Lumber Camp |
| 20:58 | Crear | Villager (Male) |
| 21:36 | Construir | Town Center |
| 21:46 | Crear | Villager (Male) |
| 21:46 | Crear | Villager (Male) |
| 21:48 | Crear | Villager (Male) |
| 21:48 | Crear | Villager (Male) |
| 21:54 | Construir | Farm |
| 22:06 | Crear | Villager (Male) |
| 22:06 | Crear | Villager (Male) |
| 22:22 | Construir | Lumber Camp |
| 22:30 | Crear | Villager (Male) |
| 22:30 | Crear | Villager (Male) |
| 22:30 | Crear | Villager (Male) |
| 22:56 | Construir | Farm |
| 22:57 | Construir | Farm |
| 23:02 | Construir | Farm |
| 23:03 | Construir | Farm |
| 23:06 | Construir | Farm |
| 23:15 | Crear | Villager (Male) |
| 23:15 | Crear | Villager (Male) |
| 23:15 | Crear | Villager (Male) |
| 23:15 | Crear | Villager (Male) |
| 23:16 | Crear | Villager (Male) |
| 23:30 | Construir | House |
| 23:32 | Construir | House |
| 23:33 | Construir | House |
| 23:34 | Construir | House |
| 23:37 | Construir | House |
| 23:38 | Construir | House |
| 23:39 | Construir | House |
| 23:41 | Construir | House |
| 23:44 | Construir | House |
| 23:45 | Construir | House |
| 23:47 | Construir | House |
| 23:49 | Construir | House |
| 23:50 | Construir | House |
| 23:51 | Construir | House |
| 24:12 | Crear | Villager (Male) |
| 24:13 | Crear | Villager (Male) |
| 24:14 | Crear | Villager (Male) |
Build order — lingluo
Primeras 150 de 524 acciones detectadas
| 0:03 | Crear | Villager (Male) |
| 0:03 | Investigar | Loom |
| 0:05 | Construir | House |
| 0:17 | Crear | Villager (Male) |
| 0:18 | Crear | Villager (Male) |
| 0:18 | Crear | Villager (Male) |
| 0:28 | Construir | House |
| 0:41 | Construir | Mill |
| 1:49 | Crear | Villager (Male) |
| 1:49 | Crear | Villager (Male) |
| 1:49 | Crear | Villager (Male) |
| 2:18 | Crear | Villager (Male) |
| 2:18 | Crear | Villager (Male) |
| 2:39 | Crear | Villager (Male) |
| 2:39 | Crear | Villager (Male) |
| 2:53 | Crear | Villager (Male) |
| 2:53 | Crear | Villager (Male) |
| 3:30 | Crear | Villager (Male) |
| 3:30 | Crear | Villager (Male) |
| 3:30 | Crear | Villager (Male) |
| 4:16 | Crear | Villager (Male) |
| 4:16 | Crear | Villager (Male) |
| 4:16 | Crear | Villager (Male) |
| 4:44 | Crear | Villager (Male) |
| 4:44 | Crear | Villager (Male) |
| 4:45 | Crear | Villager (Male) |
| 4:58 | Construir | House |
| 5:00 | Construir | House |
| 5:03 | Crear | Villager (Male) |
| 5:03 | Crear | Villager (Male) |
| 6:04 | Crear | Villager (Male) |
| 6:04 | Crear | Villager (Male) |
| 6:04 | Crear | Villager (Male) |
| 6:05 | Crear | Villager (Male) |
| 6:05 | Crear | Villager (Male) |
| 6:50 | Crear | Villager (Male) |
| 6:50 | Crear | Villager (Male) |
| 6:51 | Crear | Villager (Male) |
| 6:51 | Crear | Villager (Male) |
| 7:40 | Construir | Palisade Wall |
| 7:43 | Crear | Villager (Male) |
| 7:43 | Crear | Villager (Male) |
| 7:43 | Crear | Villager (Male) |
| 8:57 | Crear | Villager (Male) |
| 8:58 | Crear | Villager (Male) |
| 8:58 | Crear | Villager (Male) |
| 10:22 | Construir | Lumber Camp |
| 10:29 | Construir | House |
| 10:51 | Investigar | Feudal Age |
| 11:20 | Construir | Lumber Camp |
| 11:59 | Construir | Farm |
| 12:01 | Construir | Farm |
| 12:02 | Construir | Farm |
| 12:07 | Construir | Farm |
| 12:08 | Construir | Farm |
| 12:59 | Crear | Villager (Male) |
| 12:59 | Crear | Villager (Male) |
| 12:59 | Crear | Villager (Male) |
| 13:01 | Edad | Edad Feudal |
| 13:08 | Investigar | Horse Collar |
| 13:33 | Construir | Farm |
| 14:25 | Investigar | Double-Bit Axe |
| 14:59 | Construir | Stone Wall |
| 15:04 | Construir | Gate |
| 15:20 | Construir | Farm |
| 15:21 | Construir | Farm |
| 15:27 | Construir | Farm |
| 15:29 | Crear | Villager (Male) |
| 15:29 | Crear | Villager (Male) |
| 15:40 | Construir | House |
| 15:41 | Construir | House |
| 15:42 | Construir | House |
| 15:58 | Construir | Farm |
| 16:11 | Construir | Farm |
| 16:15 | Construir | Farm |
| 16:18 | Construir | Farm |
| 16:20 | Crear | Villager (Male) |
| 16:20 | Crear | Villager (Male) |
| 16:24 | Construir | Farm |
| 16:45 | Crear | Villager (Male) |
| 16:50 | Construir | Farm |
| 17:13 | Construir | House |
| 17:15 | Construir | House |
| 17:16 | Construir | House |
| 17:22 | Construir | Farm |
| 17:29 | Crear | Villager (Male) |
| 17:30 | Crear | Villager (Male) |
| 17:49 | Construir | Farm |
| 18:09 | Crear | Villager (Male) |
| 18:09 | Crear | Villager (Male) |
| 18:11 | Construir | Farm |
| 18:45 | Construir | House |
| 18:46 | Construir | House |
| 18:48 | Construir | House |
| 18:52 | Construir | Farm |
| 18:53 | Investigar | Castle Age |
| 19:36 | Construir | Farm |
| 19:41 | Construir | Farm |
| 19:55 | Construir | Mining Camp |
| 20:54 | Investigar | Stone Mining |
| 21:55 | Edad | Edad de los Castillos |
| 21:58 | Crear | Villager (Male) |
| 21:58 | Crear | Villager (Male) |
| 21:59 | Crear | Villager (Male) |
| 22:05 | Investigar | Stone Shaft Mining |
| 22:12 | Construir | Town Center |
| 22:36 | Construir | Farm |
| 22:57 | Construir | Farm |
| 23:01 | Crear | Villager (Male) |
| 23:02 | Crear | Villager (Male) |
| 23:11 | Construir | House |
| 23:13 | Construir | House |
| 23:26 | Construir | Farm |
| 23:30 | Investigar | Gold Mining |
| 23:33 | Crear | Villager (Male) |
| 23:33 | Crear | Villager (Male) |
| 23:44 | Construir | Town Center |
| 24:26 | Construir | Town Center |
| 24:29 | Crear | Villager (Male) |
| 24:30 | Crear | Villager (Male) |
| 24:30 | Crear | Villager (Male) |
| 24:37 | Investigar | Gold Shaft Mining |
| 24:40 | Investigar | Bow Saw |
| 24:45 | Investigar | Heavy Plow |
| 24:51 | Construir | House |
| 24:53 | Construir | House |
| 24:54 | Construir | House |
| 24:54 | Construir | House |
| 24:55 | Construir | House |
| 24:56 | Construir | House |
| 25:01 | Crear | Villager (Male) |
| 25:02 | Crear | Villager (Male) |
| 25:02 | Crear | Villager (Male) |
| 25:11 | Crear | Villager (Male) |
| 25:11 | Crear | Villager (Male) |
| 25:11 | Crear | Villager (Male) |
| 26:45 | Construir | Stable |
| 27:03 | Construir | Stone Wall |
| 27:14 | Crear | Villager (Male) |
| 27:14 | Crear | Villager (Male) |
| 27:15 | Crear | Villager (Male) |
| 27:15 | Crear | Villager (Male) |
| 27:15 | Crear | Villager (Male) |
| 27:15 | Crear | Villager (Male) |
| 27:16 | Crear | Villager (Male) |
| 27:16 | Crear | Villager (Male) |
| 27:17 | Crear | Villager (Male) |
| 27:17 | Crear | Villager (Male) |
| 27:17 | Crear | Villager (Male) |
| 27:17 | Crear | Villager (Male) |
Build order — 伯乐看了都说好马
Primeras 150 de 500 acciones detectadas
| 0:02 | Construir | House |
| 0:04 | Construir | House |
| 0:06 | Construir | House |
| 0:07 | Crear | Villager (Male) |
| 0:07 | Crear | Villager (Male) |
| 0:07 | Crear | Villager (Male) |
| 0:07 | Crear | Villager (Male) |
| 1:43 | Crear | Villager (Male) |
| 2:20 | Crear | Villager (Male) |
| 2:21 | Crear | Villager (Male) |
| 2:21 | Crear | Villager (Male) |
| 2:49 | Construir | Mill |
| 3:34 | Crear | Villager (Male) |
| 3:34 | Crear | Villager (Male) |
| 3:34 | Crear | Villager (Male) |
| 3:34 | Crear | Villager (Male) |
| 3:35 | Crear | Villager (Male) |
| 3:46 | Crear | Villager (Male) |
| 3:46 | Crear | Villager (Male) |
| 5:08 | Crear | Villager (Male) |
| 5:08 | Crear | Villager (Male) |
| 5:08 | Crear | Villager (Male) |
| 5:28 | Crear | Villager (Male) |
| 9:04 | Investigar | Loom |
| 10:06 | Construir | Lumber Camp |
| 10:10 | Crear | Villager (Male) |
| 10:11 | Crear | Villager (Male) |
| 10:11 | Crear | Villager (Male) |
| 10:11 | Crear | Villager (Male) |
| 10:12 | Crear | Villager (Male) |
| 10:12 | Crear | Villager (Male) |
| 10:12 | Crear | Villager (Male) |
| 11:18 | Investigar | Feudal Age |
| 11:22 | Crear | Villager (Male) |
| 11:22 | Crear | Villager (Male) |
| 11:22 | Crear | Villager (Male) |
| 11:22 | Crear | Villager (Male) |
| 11:23 | Crear | Villager (Male) |
| 11:23 | Crear | Villager (Male) |
| 11:23 | Crear | Villager (Male) |
| 11:58 | Construir | Mining Camp |
| 12:32 | Crear | Villager (Male) |
| 12:32 | Crear | Villager (Male) |
| 12:32 | Crear | Villager (Male) |
| 13:27 | Crear | Villager (Male) |
| 13:28 | Crear | Villager (Male) |
| 13:28 | Crear | Villager (Male) |
| 13:35 | Edad | Edad Feudal |
| 13:42 | Construir | House |
| 13:43 | Construir | House |
| 13:43 | Construir | House |
| 13:43 | Construir | House |
| 13:44 | Construir | House |
| 13:44 | Construir | House |
| 13:44 | Construir | House |
| 14:11 | Investigar | Double-Bit Axe |
| 15:14 | Construir | Mining Camp |
| 15:28 | Investigar | Gold Mining |
| 16:19 | Construir | Blacksmith |
| 16:41 | Construir | Farm |
| 16:43 | Construir | Farm |
| 16:48 | Construir | Farm |
| 18:02 | Construir | Market |
| 18:45 | Investigar | Castle Age |
| 18:58 | Investigar | Horse Collar |
| 19:54 | Construir | House |
| 19:55 | Construir | House |
| 19:55 | Construir | House |
| 20:31 | Construir | Barracks |
| 20:42 | Construir | Farm |
| 20:45 | Construir | Farm |
| 20:59 | Construir | House |
| 21:00 | Construir | House |
| 21:01 | Construir | House |
| 21:01 | Construir | House |
| 21:03 | Construir | House |
| 21:21 | Investigar | Stone Mining |
| 21:29 | Edad | Edad de los Castillos |
| 21:30 | Construir | Castle |
| 21:44 | Construir | Town Center |
| 22:18 | Crear | Conquistador |
| 22:19 | Crear | Conquistador |
| 22:20 | Crear | Petard |
| 22:20 | Crear | Petard |
| 22:22 | Crear | Conquistador |
| 22:32 | Crear | Villager (Male) |
| 22:32 | Crear | Villager (Male) |
| 22:32 | Crear | Villager (Male) |
| 22:57 | Crear | Villager (Male) |
| 23:02 | Investigar | Bow Saw |
| 23:09 | Construir | Farm |
| 23:16 | Construir | Farm |
| 23:22 | Construir | Farm |
| 23:25 | Construir | Farm |
| 23:29 | Construir | Farm |
| 23:40 | Crear | Villager (Male) |
| 23:46 | Construir | Farm |
| 23:48 | Construir | Farm |
| 23:51 | Construir | Farm |
| 23:54 | Construir | Farm |
| 23:58 | Construir | Farm |
| 24:03 | Construir | Farm |
| 24:25 | Crear | Conquistador |
| 24:36 | Construir | Farm |
| 24:39 | Construir | Farm |
| 24:40 | Crear | Villager (Male) |
| 26:00 | Crear | Conquistador |
| 26:00 | Crear | Conquistador |
| 26:42 | Crear | Conquistador |
| 29:51 | Investigar | Heavy Plow |
| 32:55 | Construir | Castle |
| 32:56 | Construir | Castle |
| 33:02 | Crear | Villager (Male) |
| 33:02 | Crear | Villager (Male) |
| 33:02 | Crear | Villager (Male) |
| 33:02 | Crear | Villager (Male) |
| 33:03 | Crear | Villager (Male) |
| 33:07 | Construir | University |
| 33:11 | Crear | Villager (Male) |
| 33:12 | Crear | Villager (Male) |
| 33:12 | Crear | Villager (Male) |
| 33:12 | Crear | Villager (Male) |
| 33:13 | Crear | Villager (Male) |
| 33:13 | Crear | Villager (Male) |
| 33:15 | Crear | Trade Cart |
| 33:17 | Crear | Trade Cart |
| 33:17 | Crear | Trade Cart |
| 33:41 | Crear | Villager (Male) ×5 |
| 34:36 | Construir | Mining Camp |
| 34:40 | Investigar | Stone Shaft Mining |
| 34:56 | Construir | Town Center |
| 35:52 | Crear | Trade Cart |
| 35:52 | Crear | Trade Cart |
| 36:02 | Crear | Trade Cart |
| 36:02 | Crear | Trade Cart |
| 36:03 | Crear | Trade Cart |
| 36:03 | Crear | Trade Cart |
| 36:03 | Crear | Trade Cart |
| 36:04 | Crear | Trade Cart |
| 36:04 | Crear | Trade Cart |
| 36:05 | Crear | Trade Cart |
| 36:05 | Crear | Trade Cart |
| 36:06 | Crear | Trade Cart |
| 36:06 | Crear | Trade Cart |
| 36:29 | Crear | Villager (Male) |
| 36:29 | Crear | Villager (Male) |
| 36:30 | Crear | Villager (Male) |
| 36:30 | Crear | Villager (Male) |
| 36:56 | Investigar | Arson |
| 37:20 | Investigar | Wheelbarrow |
Build order — sese
Primeras 150 de 718 acciones detectadas
| 0:03 | Construir | House |
| 0:04 | Crear | Villager (Male) |
| 0:04 | Crear | Villager (Male) |
| 0:04 | Crear | Villager (Male) |
| 0:05 | Crear | Villager (Male) |
| 0:05 | Crear | Villager (Male) |
| 0:42 | Construir | House |
| 0:52 | Construir | House |
| 0:53 | Construir | House |
| 0:58 | Investigar | Loom |
| 1:41 | Crear | Villager (Male) |
| 2:26 | Crear | Villager (Male) |
| 2:49 | Crear | Villager (Male) |
| 2:50 | Crear | Villager (Male) |
| 3:25 | Crear | Villager (Male) |
| 3:59 | Crear | Villager (Male) |
| 4:58 | Crear | Villager (Male) |
| 4:59 | Crear | Villager (Male) |
| 4:59 | Crear | Villager (Male) |
| 5:00 | Crear | Villager (Male) |
| 5:01 | Crear | Villager (Male) |
| 6:11 | Construir | Lumber Camp |
| 7:03 | Crear | Villager (Male) |
| 7:03 | Crear | Villager (Male) |
| 7:03 | Crear | Villager (Male) |
| 7:04 | Crear | Villager (Male) |
| 7:04 | Crear | Villager (Male) |
| 7:26 | Construir | Mill |
| 8:47 | Construir | Mining Camp |
| 9:22 | Investigar | Feudal Age |
| 10:54 | Construir | House |
| 10:56 | Construir | House |
| 10:57 | Construir | House |
| 10:58 | Construir | House |
| 11:32 | Edad | Edad Feudal |
| 12:08 | Crear | Villager (Male) |
| 12:09 | Crear | Villager (Male) |
| 13:09 | Construir | Blacksmith |
| 13:18 | Crear | Villager (Male) |
| 13:19 | Crear | Villager (Male) |
| 13:36 | Construir | Market |
| 13:41 | Construir | Lumber Camp |
| 13:47 | Construir | Mill |
| 14:05 | Construir | House |
| 14:10 | Construir | House |
| 14:16 | Construir | House |
| 14:19 | Construir | House |
| 14:22 | Crear | Villager (Male) |
| 14:22 | Crear | Villager (Male) |
| 15:13 | Crear | Villager (Male) |
| 15:43 | Crear | Villager (Male) |
| 15:43 | Crear | Villager (Male) |
| 15:46 | Investigar | Castle Age |
| 16:34 | Investigar | Double-Bit Axe |
| 17:20 | Investigar | Stone Mining |
| 17:55 | Construir | Lumber Camp |
| 18:11 | Crear | Villager (Male) |
| 18:12 | Crear | Villager (Male) |
| 18:12 | Crear | Villager (Male) |
| 18:12 | Crear | Villager (Male) |
| 18:19 | Crear | Trade Cart |
| 18:19 | Crear | Trade Cart |
| 18:19 | Crear | Trade Cart |
| 18:19 | Crear | Trade Cart |
| 19:13 | Edad | Edad de los Castillos |
| 19:15 | Crear | Villager (Male) |
| 19:16 | Crear | Villager (Male) |
| 19:16 | Crear | Villager (Male) |
| 19:16 | Crear | Villager (Male) |
| 19:16 | Crear | Villager (Male) |
| 19:24 | Construir | Farm |
| 19:24 | Construir | Farm |
| 19:25 | Construir | Farm |
| 19:25 | Construir | Farm |
| 19:25 | Construir | Farm |
| 19:26 | Construir | Farm |
| 19:26 | Construir | Farm |
| 19:27 | Construir | Farm |
| 19:31 | Investigar | Horse Collar |
| 19:52 | Construir | Farm |
| 20:27 | Construir | Town Center |
| 20:54 | Investigar | Heavy Plow |
| 20:55 | Investigar | Bow Saw |
| 22:07 | Construir | Farm |
| 22:07 | Construir | Farm |
| 22:07 | Construir | Farm |
| 22:08 | Construir | Farm |
| 22:08 | Construir | Farm |
| 22:13 | Construir | Farm |
| 22:22 | Crear | Villager (Male) |
| 22:23 | Crear | Villager (Male) |
| 22:23 | Crear | Villager (Male) |
| 22:24 | Crear | Villager (Male) |
| 22:25 | Crear | Villager (Male) |
| 22:45 | Construir | Town Center |
| 23:21 | Crear | Villager (Male) |
| 23:22 | Crear | Villager (Male) |
| 23:22 | Crear | Villager (Male) |
| 23:22 | Crear | Villager (Male) |
| 23:52 | Construir | Farm |
| 24:03 | Construir | Farm |
| 24:06 | Construir | Farm |
| 24:06 | Construir | Farm |
| 24:07 | Construir | Farm |
| 24:07 | Construir | Farm |
| 24:07 | Construir | Farm |
| 24:08 | Construir | Farm |
| 24:24 | Construir | Farm |
| 24:29 | Crear | Villager (Male) ×5 |
| 24:29 | Crear | Villager (Male) ×2 |
| 25:08 | Crear | Trade Cart |
| 25:08 | Crear | Trade Cart |
| 25:09 | Crear | Trade Cart |
| 25:09 | Crear | Trade Cart |
| 25:09 | Crear | Trade Cart |
| 25:10 | Investigar | Caravan |
| 25:48 | Construir | Lumber Camp |
| 25:54 | Investigar | Gold Mining |
| 25:55 | Investigar | Stone Shaft Mining |
| 26:01 | Crear | Villager (Male) |
| 26:24 | Crear | Villager (Male) |
| 26:24 | Crear | Villager (Male) |
| 26:24 | Crear | Villager (Male) |
| 26:24 | Crear | Villager (Male) |
| 26:25 | Crear | Villager (Male) |
| 26:34 | Construir | Farm |
| 26:35 | Construir | Farm |
| 26:37 | Construir | Farm |
| 26:38 | Construir | Farm |
| 26:39 | Construir | Farm |
| 26:40 | Construir | Farm |
| 26:42 | Construir | Farm |
| 26:46 | Construir | Farm |
| 26:47 | Construir | Farm |
| 26:51 | Construir | Farm |
| 26:56 | Crear | Villager (Male) ×5 |
| 28:03 | Construir | Castle |
| 28:43 | Investigar | Fletching |
| 28:43 | Investigar | Padded Archer Armor |
| 28:47 | Crear | Villager (Male) ×5 |
| 28:48 | Crear | Villager (Male) ×5 |
| 29:12 | Crear | Mangudai |
| 29:12 | Crear | Mangudai |
| 29:12 | Crear | Mangudai |
| 29:12 | Crear | Mangudai |
| 29:13 | Crear | Mangudai |
| 29:13 | Crear | Mangudai |
| 29:13 | Crear | Mangudai |
| 29:13 | Crear | Mangudai |
| 29:14 | Crear | Mangudai |
Build order — Ice Crystal Cold Star
Primeras 150 de 792 acciones detectadas
| 0:05 | Construir | House |
| 0:05 | Crear | Villager (Male) |
| 0:08 | Investigar | Loom |
| 0:08 | Crear | Villager (Male) |
| 0:08 | Crear | Villager (Male) |
| 0:09 | Construir | House |
| 0:46 | Crear | Villager (Male) |
| 0:47 | Crear | Villager (Male) |
| 1:49 | Crear | Villager (Male) |
| 2:21 | Construir | Lumber Camp |
| 2:24 | Crear | Villager (Male) |
| 2:50 | Crear | Villager (Male) |
| 3:28 | Crear | Villager (Male) |
| 3:32 | Construir | House |
| 3:39 | Crear | Villager (Male) |
| 3:55 | Crear | Villager (Male) |
| 4:18 | Crear | Villager (Male) |
| 4:59 | Crear | Villager (Male) |
| 5:29 | Construir | Palisade Wall |
| 5:31 | Construir | Palisade Gate |
| 5:33 | Construir | Palisade Gate |
| 6:03 | Construir | Mill |
| 6:08 | Crear | Villager (Male) |
| 6:08 | Crear | Villager (Male) |
| 6:09 | Crear | Villager (Male) |
| 6:09 | Crear | Villager (Male) |
| 7:24 | Crear | Villager (Male) |
| 7:24 | Crear | Villager (Male) |
| 7:47 | Construir | Palisade Wall |
| 8:19 | Construir | House |
| 8:31 | Crear | Villager (Male) |
| 9:18 | Construir | Mining Camp |
| 9:26 | Crear | Villager (Male) |
| 10:34 | Investigar | Feudal Age |
| 11:42 | Crear | Villager (Male) |
| 11:42 | Crear | Villager (Male) |
| 11:43 | Crear | Villager (Male) |
| 11:43 | Crear | Villager (Male) |
| 11:43 | Crear | Villager (Male) |
| 12:27 | Construir | Mining Camp |
| 12:33 | Construir | Farm |
| 12:44 | Edad | Edad Feudal |
| 12:51 | Construir | Stone Wall |
| 12:54 | Construir | Gate |
| 12:55 | Construir | Gate |
| 12:56 | Construir | Gate |
| 13:21 | Crear | Villager (Male) |
| 13:22 | Crear | Villager (Male) |
| 13:24 | Construir | Farm |
| 13:35 | Construir | Farm |
| 13:40 | Construir | House |
| 13:45 | Construir | House |
| 14:52 | Construir | Farm |
| 14:56 | Construir | Farm |
| 15:00 | Crear | Villager (Male) |
| 15:01 | Crear | Villager (Male) |
| 15:28 | Construir | Farm |
| 15:31 | Crear | Villager (Male) |
| 15:31 | Crear | Villager (Male) |
| 15:37 | Construir | Market |
| 15:39 | Construir | Blacksmith |
| 15:50 | Construir | Farm |
| 15:54 | Construir | Farm |
| 16:22 | Construir | Farm |
| 17:18 | Construir | Farm |
| 17:19 | Crear | Villager (Male) |
| 17:19 | Crear | Villager (Male) |
| 17:38 | Construir | Farm |
| 17:46 | Construir | Farm |
| 17:54 | Construir | Farm |
| 17:58 | Construir | House |
| 17:59 | Construir | House |
| 18:05 | Investigar | Horse Collar |
| 18:21 | Construir | House |
| 18:22 | Construir | House |
| 18:28 | Construir | Farm |
| 18:30 | Construir | Farm |
| 19:06 | Investigar | Castle Age |
| 19:34 | Construir | Farm |
| 19:50 | Crear | Villager (Male) |
| 19:51 | Crear | Villager (Male) |
| 19:51 | Crear | Villager (Male) |
| 19:51 | Crear | Villager (Male) |
| 20:36 | Crear | Villager (Male) |
| 20:36 | Crear | Villager (Male) |
| 20:36 | Crear | Villager (Male) |
| 20:59 | Investigar | Stone Mining |
| 20:59 | Investigar | Gold Mining |
| 21:46 | Edad | Edad de los Castillos |
| 21:50 | Construir | Town Center |
| 21:58 | Construir | Town Center |
| 23:32 | Crear | Villager (Male) |
| 23:32 | Crear | Villager (Male) |
| 23:32 | Crear | Villager (Male) |
| 23:33 | Crear | Villager (Male) |
| 23:33 | Crear | Villager (Male) |
| 23:33 | Crear | Villager (Male) |
| 23:33 | Crear | Villager (Male) |
| 23:38 | Construir | Farm |
| 23:57 | Crear | Villager (Male) |
| 23:57 | Crear | Villager (Male) |
| 23:58 | Crear | Villager (Male) |
| 23:58 | Crear | Villager (Male) |
| 23:58 | Crear | Villager (Male) |
| 23:58 | Crear | Villager (Male) |
| 23:59 | Crear | Villager (Male) |
| 24:05 | Construir | Farm |
| 24:12 | Crear | Villager (Male) |
| 24:12 | Crear | Villager (Male) |
| 24:13 | Crear | Villager (Male) |
| 24:13 | Crear | Villager (Male) |
| 25:15 | Crear | Villager (Male) |
| 25:15 | Crear | Villager (Male) |
| 25:15 | Crear | Villager (Male) |
| 25:28 | Construir | Town Center |
| 26:16 | Crear | Villager (Male) |
| 26:16 | Crear | Villager (Male) |
| 26:16 | Crear | Villager (Male) |
| 26:20 | Crear | Villager (Male) |
| 26:20 | Crear | Villager (Male) |
| 26:20 | Crear | Villager (Male) |
| 26:24 | Crear | Villager (Male) |
| 26:24 | Crear | Villager (Male) |
| 26:25 | Crear | Villager (Male) |
| 26:29 | Investigar | Heavy Plow |
| 26:54 | Construir | House |
| 26:55 | Construir | House |
| 26:55 | Construir | House |
| 26:57 | Construir | House |
| 27:08 | Crear | Villager (Male) |
| 27:08 | Crear | Villager (Male) |
| 27:36 | Construir | House |
| 27:37 | Construir | House |
| 27:38 | Construir | House |
| 27:39 | Construir | House |
| 27:40 | Construir | House |
| 27:41 | Construir | House |
| 27:49 | Crear | Villager (Male) |
| 27:49 | Crear | Villager (Male) |
| 27:50 | Crear | Villager (Male) |
| 27:51 | Crear | Villager (Male) |
| 27:56 | Construir | Farm |
| 28:09 | Construir | Stone Wall |
| 28:12 | Construir | Gate |
| 28:14 | Construir | Gate |
| 28:15 | Construir | Gate |
| 28:29 | Construir | House |
| 28:31 | Construir | House |
| 28:31 | Construir | House |
| 28:34 | Construir | Farm |
Build order — 小鱼儿
Primeras 150 de 705 acciones detectadas
| 0:09 | Construir | House |
| 0:10 | Construir | House |
| 0:11 | Construir | House |
| 0:14 | Construir | House |
| 0:41 | Construir | House |
| 0:42 | Construir | House |
| 0:50 | Crear | Villager (Male) |
| 0:50 | Crear | Villager (Male) |
| 0:50 | Crear | Villager (Male) |
| 0:50 | Crear | Villager (Male) |
| 1:26 | Construir | House |
| 1:50 | Construir | Lumber Camp |
| 3:00 | Crear | Villager (Male) |
| 3:00 | Crear | Villager (Male) |
| 3:00 | Crear | Villager (Male) |
| 4:34 | Investigar | Loom |
| 4:36 | Crear | Villager (Male) |
| 4:36 | Crear | Villager (Male) |
| 4:36 | Crear | Villager (Male) |
| 5:00 | Crear | Villager (Male) |
| 5:00 | Crear | Villager (Male) |
| 5:46 | Crear | Villager (Male) |
| 6:11 | Crear | Villager (Male) |
| 7:08 | Crear | Villager (Male) |
| 7:09 | Crear | Villager (Male) |
| 7:47 | Construir | Palisade Wall |
| 8:25 | Construir | Palisade Gate |
| 9:12 | Construir | Mining Camp |
| 9:18 | Construir | Mining Camp |
| 11:25 | Crear | Villager (Male) |
| 12:21 | Crear | Villager (Male) |
| 12:57 | Crear | Villager (Male) |
| 13:18 | Construir | Mill |
| 14:32 | Construir | Farm |
| 14:33 | Construir | Farm |
| 14:35 | Crear | Villager (Male) |
| 14:36 | Crear | Villager (Male) |
| 14:36 | Crear | Villager (Male) |
| 14:36 | Crear | Villager (Male) |
| 15:03 | Construir | Farm |
| 15:12 | Construir | Farm |
| 15:13 | Construir | Farm |
| 15:15 | Construir | Farm |
| 15:16 | Construir | Farm |
| 15:17 | Construir | Farm |
| 15:33 | Construir | House |
| 15:35 | Construir | House |
| 15:37 | Construir | House |
| 15:38 | Construir | House |
| 15:46 | Construir | Barracks |
| 15:55 | Crear | Villager (Male) |
| 15:55 | Crear | Villager (Male) |
| 15:55 | Crear | Villager (Male) |
| 16:21 | Construir | Mining Camp |
| 16:37 | Construir | Farm |
| 16:52 | Construir | Mill |
| 18:01 | Construir | House |
| 18:07 | Construir | House |
| 18:53 | Investigar | Feudal Age |
| 19:33 | Construir | House |
| 19:34 | Construir | House |
| 19:38 | Construir | House |
| 19:40 | Construir | House |
| 19:41 | Construir | House |
| 19:42 | Construir | House |
| 20:17 | Construir | Mining Camp |
| 20:26 | Crear | Villager (Male) |
| 21:03 | Edad | Edad Feudal |
| 21:18 | Crear | Villager (Male) |
| 21:19 | Crear | Villager (Male) |
| 21:34 | Crear | Villager (Male) |
| 21:34 | Crear | Villager (Male) |
| 21:35 | Crear | Villager (Male) |
| 21:57 | Construir | House |
| 21:58 | Construir | House |
| 22:57 | Investigar | Double-Bit Axe |
| 23:02 | Crear | Villager (Male) |
| 23:10 | Construir | House |
| 23:55 | Crear | Villager (Male) |
| 23:55 | Crear | Villager (Male) |
| 23:55 | Crear | Villager (Male) |
| 24:26 | Construir | Blacksmith |
| 24:40 | Construir | House |
| 24:41 | Construir | House |
| 24:42 | Construir | House |
| 25:10 | Investigar | Forging |
| 25:10 | Investigar | Scale Barding Armor |
| 26:20 | Construir | Stable |
| 27:07 | Construir | House |
| 27:08 | Construir | House |
| 27:08 | Construir | House |
| 27:15 | Construir | Market |
| 27:19 | Crear | Villager (Male) |
| 27:19 | Crear | Villager (Male) |
| 27:20 | Crear | Villager (Male) |
| 27:20 | Crear | Villager (Male) |
| 27:23 | Investigar | Castle Age |
| 27:32 | Construir | Farm |
| 27:45 | Construir | Farm |
| 28:08 | Construir | Farm |
| 28:11 | Construir | Farm |
| 30:10 | Construir | Market |
| 30:24 | Edad | Edad de los Castillos |
| 31:01 | Construir | Town Center |
| 31:05 | Crear | Knight |
| 31:06 | Crear | Knight |
| 31:06 | Crear | Knight |
| 32:31 | Construir | Farm |
| 32:32 | Construir | Farm |
| 32:35 | Construir | Farm |
| 33:04 | Crear | Villager (Male) |
| 33:04 | Crear | Villager (Male) |
| 33:06 | Crear | Villager (Male) |
| 33:07 | Crear | Villager (Male) |
| 33:07 | Crear | Villager (Male) |
| 33:30 | Construir | Town Center |
| 33:34 | Crear | Villager (Male) |
| 33:34 | Crear | Villager (Male) |
| 33:35 | Crear | Villager (Male) |
| 33:35 | Crear | Villager (Male) |
| 33:35 | Crear | Villager (Male) |
| 33:40 | Construir | Farm |
| 34:03 | Crear | Knight |
| 34:08 | Crear | Knight |
| 34:08 | Crear | Knight |
| 34:09 | Crear | Knight |
| 34:22 | Crear | Villager (Male) |
| 34:22 | Crear | Villager (Male) |
| 34:22 | Crear | Villager (Male) |
| 34:23 | Crear | Villager (Male) |
| 34:38 | Crear | Villager (Male) |
| 34:47 | Crear | Villager (Male) |
| 34:48 | Crear | Villager (Male) |
| 34:48 | Crear | Villager (Male) |
| 35:24 | Crear | Villager (Male) |
| 35:24 | Crear | Villager (Male) |
| 35:34 | Crear | Villager (Male) |
| 35:34 | Crear | Villager (Male) |
| 35:35 | Crear | Villager (Male) |
| 36:03 | Investigar | Bow Saw |
| 36:05 | Crear | Villager (Male) |
| 36:05 | Crear | Villager (Male) |
| 36:50 | Construir | Castle |
| 36:54 | Crear | Villager (Male) |
| 36:54 | Crear | Villager (Male) |
| 36:54 | Crear | Villager (Male) |
| 37:01 | Construir | Monastery |
| 37:04 | Construir | University |
| 37:10 | Crear | Villager (Male) |
| 37:10 | Crear | Villager (Male) |
Build order — wofu
Primeras 150 de 1163 acciones detectadas
| 0:02 | Investigar | Loom |
| 0:04 | Crear | Villager (Male) |
| 0:04 | Crear | Villager (Male) |
| 0:04 | Crear | Villager (Male) |
| 0:06 | Construir | House |
| 0:08 | Construir | House |
| 0:13 | Construir | House |
| 0:14 | Construir | House |
| 1:04 | Crear | Villager (Male) |
| 1:51 | Crear | Villager (Male) |
| 2:39 | Crear | Villager (Male) |
| 2:40 | Crear | Villager (Male) |
| 2:58 | Crear | Villager (Male) |
| 3:10 | Construir | Lumber Camp |
| 3:14 | Crear | Villager (Male) |
| 3:38 | Crear | Villager (Male) |
| 4:46 | Crear | Villager (Male) |
| 4:46 | Crear | Villager (Male) |
| 4:47 | Crear | Villager (Male) |
| 4:49 | Crear | Villager (Male) |
| 5:00 | Crear | Villager (Male) |
| 5:01 | Crear | Villager (Male) |
| 5:28 | Crear | Villager (Male) |
| 5:31 | Construir | Mill |
| 6:46 | Crear | Villager (Male) |
| 6:46 | Crear | Villager (Male) |
| 6:46 | Crear | Villager (Male) |
| 6:55 | Crear | Villager (Male) |
| 8:03 | Construir | House |
| 8:48 | Construir | Mining Camp |
| 8:54 | Investigar | Feudal Age |
| 8:56 | Crear | Villager (Male) |
| 8:56 | Crear | Villager (Male) |
| 9:42 | Investigar | Feudal Age |
| 11:17 | Construir | Mill |
| 11:46 | Construir | House |
| 11:56 | Edad | Edad Feudal |
| 11:58 | Crear | Villager (Male) |
| 11:59 | Crear | Villager (Male) |
| 12:10 | Construir | Market |
| 12:14 | Construir | Blacksmith |
| 12:45 | Construir | Farm |
| 12:46 | Crear | Villager (Male) |
| 12:51 | Construir | Farm |
| 13:28 | Investigar | Castle Age |
| 14:15 | Construir | Mining Camp |
| 14:17 | Investigar | Double-Bit Axe |
| 14:19 | Investigar | Horse Collar |
| 16:08 | Edad | Edad de los Castillos |
| 16:15 | Construir | Town Center |
| 16:18 | Crear | Villager (Male) |
| 16:19 | Crear | Villager (Male) |
| 16:19 | Crear | Villager (Male) |
| 16:21 | Investigar | Bow Saw |
| 16:24 | Investigar | Heavy Plow |
| 17:04 | Crear | Villager (Male) |
| 17:08 | Construir | Farm |
| 17:10 | Construir | Farm |
| 17:17 | Construir | Farm |
| 17:18 | Construir | Farm |
| 17:23 | Construir | Farm |
| 17:35 | Construir | Farm |
| 17:39 | Construir | Farm |
| 17:48 | Construir | Farm |
| 17:49 | Construir | Farm |
| 17:56 | Crear | Villager (Male) |
| 18:18 | Crear | Villager (Male) |
| 18:46 | Crear | Villager (Male) |
| 18:56 | Construir | Farm |
| 18:58 | Construir | Farm |
| 19:01 | Crear | Villager (Male) |
| 19:12 | Construir | Farm |
| 19:19 | Construir | Farm |
| 19:23 | Crear | Villager (Male) |
| 19:24 | Crear | Villager (Male) |
| 19:33 | Construir | Town Center |
| 19:38 | Construir | Farm |
| 19:48 | Crear | Villager (Male) |
| 20:00 | Crear | Villager (Male) |
| 20:03 | Construir | Farm |
| 20:06 | Crear | Villager (Male) |
| 20:15 | Construir | House |
| 20:16 | Construir | House |
| 20:25 | Crear | Villager (Male) |
| 20:30 | Construir | Farm |
| 20:31 | Crear | Villager (Male) |
| 20:33 | Crear | Villager (Male) |
| 20:46 | Crear | Villager (Male) |
| 20:51 | Construir | Farm |
| 20:52 | Construir | Farm |
| 20:57 | Construir | Farm |
| 20:59 | Construir | Farm |
| 21:02 | Crear | Villager (Male) |
| 21:03 | Crear | Villager (Male) |
| 21:09 | Construir | House |
| 21:10 | Construir | House |
| 21:19 | Construir | Farm |
| 21:20 | Crear | Villager (Male) |
| 21:33 | Construir | University |
| 21:38 | Construir | Monastery |
| 21:41 | Crear | Villager (Male) |
| 21:42 | Crear | Villager (Male) |
| 21:44 | Construir | Farm |
| 21:46 | Crear | Villager (Male) |
| 21:48 | Construir | Farm |
| 21:49 | Crear | Villager (Male) |
| 21:55 | Crear | Villager (Male) |
| 22:01 | Crear | Villager (Male) |
| 22:02 | Crear | Villager (Male) |
| 22:02 | Crear | Villager (Male) |
| 22:08 | Construir | House |
| 22:09 | Construir | House |
| 22:16 | Crear | Villager (Male) |
| 22:19 | Construir | Farm |
| 22:25 | Crear | Villager (Male) |
| 22:27 | Crear | Villager (Male) |
| 22:55 | Construir | Farm |
| 22:57 | Crear | Villager (Male) |
| 23:01 | Construir | Farm |
| 23:04 | Crear | Villager (Male) |
| 23:04 | Crear | Villager (Male) |
| 23:05 | Crear | Villager (Male) |
| 23:05 | Crear | Villager (Male) |
| 23:07 | Crear | Villager (Male) |
| 23:07 | Crear | Villager (Male) |
| 23:22 | Construir | Farm |
| 23:23 | Construir | Farm |
| 23:24 | Construir | Farm |
| 23:27 | Crear | Villager (Male) |
| 23:29 | Crear | Villager (Male) |
| 23:32 | Crear | Villager (Male) |
| 23:45 | Construir | Farm |
| 23:50 | Construir | Farm |
| 23:56 | Crear | Villager (Male) |
| 24:00 | Construir | Lumber Camp |
| 24:17 | Construir | Farm |
| 24:19 | Crear | Villager (Male) |
| 24:21 | Crear | Villager (Male) |
| 24:22 | Crear | Villager (Male) |
| 24:22 | Crear | Villager (Male) |
| 24:28 | Construir | Town Center |
| 24:53 | Construir | Castle |
| 25:17 | Construir | Castle |
| 25:30 | Investigar | Wheelbarrow |
| 25:36 | Construir | House |
| 25:38 | Construir | House |
| 25:41 | Crear | Villager (Male) |
| 25:42 | Crear | Villager (Male) |
| 25:43 | Crear | Villager (Male) |
| 25:43 | Crear | Villager (Male) |
Build order — ylmz_karagol
Primeras 150 de 920 acciones detectadas
| 0:03 | Crear | Villager (Male) |
| 0:03 | Crear | Villager (Male) |
| 0:03 | Crear | Villager (Male) |
| 0:04 | Crear | Villager (Male) |
| 0:06 | Construir | House |
| 0:08 | Construir | House |
| 1:41 | Crear | Villager (Male) |
| 1:41 | Crear | Villager (Male) |
| 1:51 | Construir | Lumber Camp |
| 2:11 | Crear | Villager (Male) |
| 2:11 | Crear | Villager (Male) |
| 2:26 | Crear | Villager (Male) |
| 2:27 | Crear | Villager (Male) |
| 2:54 | Crear | Villager (Male) |
| 3:15 | Crear | Villager (Male) |
| 3:15 | Crear | Villager (Male) |
| 3:44 | Crear | Villager (Male) |
| 3:44 | Crear | Villager (Male) |
| 4:07 | Construir | House |
| 4:19 | Crear | Villager (Male) |
| 4:20 | Crear | Villager (Male) |
| 4:27 | Crear | Villager (Male) |
| 4:27 | Crear | Villager (Male) |
| 4:33 | Construir | House |
| 5:29 | Construir | Mill |
| 5:33 | Crear | Villager (Male) |
| 5:33 | Crear | Villager (Male) |
| 5:33 | Crear | Villager (Male) |
| 5:33 | Crear | Villager (Male) |
| 6:03 | Construir | House |
| 6:23 | Construir | Mill |
| 6:31 | Crear | Villager (Male) |
| 6:31 | Crear | Villager (Male) |
| 6:32 | Crear | Villager (Male) |
| 6:50 | Crear | Villager (Male) |
| 6:50 | Crear | Villager (Male) |
| 8:54 | Crear | Villager (Male) |
| 9:01 | Construir | Mining Camp |
| 9:32 | Investigar | Feudal Age |
| 10:05 | Crear | Villager (Male) |
| 10:42 | Construir | Farm |
| 10:43 | Construir | Farm |
| 10:49 | Construir | House |
| 10:53 | Construir | House |
| 11:23 | Construir | Barracks |
| 11:53 | Edad | Edad Feudal |
| 11:57 | Crear | Villager (Male) |
| 12:06 | Crear | Villager (Male) |
| 12:29 | Construir | Stable |
| 12:35 | Construir | Blacksmith |
| 13:02 | Crear | Villager (Male) |
| 13:25 | Construir | Mining Camp |
| 13:36 | Investigar | Loom |
| 13:52 | Construir | House |
| 14:02 | Investigar | Castle Age |
| 14:32 | Construir | Farm |
| 14:33 | Construir | Farm |
| 14:34 | Construir | Farm |
| 14:43 | Investigar | Wheelbarrow |
| 15:07 | Construir | House |
| 15:09 | Construir | House |
| 15:24 | Crear | Villager (Male) |
| 15:25 | Crear | Villager (Male) |
| 15:29 | Investigar | Double-Bit Axe |
| 15:31 | Investigar | Horse Collar |
| 15:42 | Construir | Farm |
| 15:43 | Construir | Farm |
| 15:44 | Construir | Farm |
| 15:49 | Construir | Farm |
| 15:56 | Construir | Farm |
| 15:57 | Construir | Farm |
| 15:59 | Construir | Farm |
| 16:07 | Construir | Farm |
| 16:15 | Construir | Farm |
| 16:37 | Crear | Villager (Male) |
| 16:37 | Crear | Villager (Male) |
| 16:37 | Crear | Villager (Male) |
| 16:38 | Crear | Villager (Male) |
| 16:38 | Crear | Villager (Male) |
| 16:42 | Edad | Edad de los Castillos |
| 16:43 | Crear | Villager (Male) |
| 18:25 | Construir | Town Center |
| 18:30 | Crear | Villager (Male) |
| 18:48 | Construir | House |
| 18:50 | Construir | House |
| 18:53 | Construir | House |
| 19:00 | Construir | House |
| 19:50 | Construir | Town Center |
| 20:07 | Construir | Farm |
| 20:18 | Construir | House |
| 20:30 | Crear | Villager (Male) |
| 20:30 | Crear | Villager (Male) |
| 20:30 | Crear | Villager (Male) |
| 20:31 | Crear | Villager (Male) |
| 20:32 | Crear | Villager (Male) |
| 20:32 | Crear | Villager (Male) |
| 20:32 | Crear | Villager (Male) |
| 21:04 | Crear | Villager (Male) |
| 21:05 | Crear | Villager (Male) |
| 21:05 | Crear | Villager (Male) |
| 21:06 | Crear | Villager (Male) |
| 21:06 | Crear | Villager (Male) |
| 21:06 | Crear | Villager (Male) |
| 21:07 | Crear | Villager (Male) |
| 21:07 | Crear | Villager (Male) |
| 21:27 | Construir | Farm |
| 21:28 | Crear | Villager (Male) |
| 21:29 | Crear | Villager (Male) |
| 21:29 | Crear | Villager (Male) |
| 21:30 | Crear | Villager (Male) |
| 21:30 | Crear | Villager (Male) |
| 21:30 | Crear | Villager (Male) |
| 21:30 | Crear | Villager (Male) |
| 21:52 | Construir | House |
| 21:54 | Construir | House |
| 21:59 | Crear | Villager (Male) |
| 22:00 | Crear | Villager (Male) |
| 22:00 | Crear | Villager (Male) |
| 22:00 | Crear | Villager (Male) |
| 22:01 | Crear | Villager (Male) |
| 22:14 | Construir | Farm |
| 22:19 | Construir | Farm |
| 22:52 | Crear | Villager (Male) |
| 22:52 | Crear | Villager (Male) |
| 22:52 | Crear | Villager (Male) |
| 22:53 | Crear | Villager (Male) |
| 22:58 | Construir | Farm |
| 23:04 | Construir | Farm |
| 23:05 | Construir | Farm |
| 23:06 | Construir | Farm |
| 23:11 | Construir | Farm |
| 23:17 | Investigar | Gold Mining |
| 23:18 | Crear | Villager (Male) |
| 23:18 | Crear | Villager (Male) |
| 23:19 | Crear | Villager (Male) |
| 23:19 | Crear | Villager (Male) |
| 23:39 | Investigar | Bow Saw |
| 23:44 | Investigar | Heavy Plow |
| 23:48 | Construir | Farm |
| 24:02 | Construir | Farm |
| 24:12 | Crear | Villager (Male) |
| 24:13 | Crear | Villager (Male) |
| 24:16 | Investigar | Bow Saw |
| 24:19 | Crear | Villager (Male) |
| 24:20 | Crear | Villager (Male) |
| 24:20 | Crear | Villager (Male) |
| 24:20 | Crear | Villager (Male) |
| 24:21 | Crear | Villager (Male) |
| 24:21 | Crear | Villager (Male) |
| 24:28 | Construir | Farm |
Cronología de la partida
| 5:29 | Ice Crystal Cold Star · wall_segment Palisade Wall x27 |
| 7:40 | lingluo · wall_segment Palisade Wall x7 |
| 7:47 | Ice Crystal Cold Star · wall_segment Palisade Wall x3 |
| 7:47 | 小鱼儿 · wall_segment Palisade Wall x19 |
| 11:23 | ylmz_karagol · first_building Barracks |
| 11:32 | sese · age_up feudal |
| 11:53 | ylmz_karagol · age_up feudal |
| 11:56 | wofu · age_up feudal |
| 12:29 | ylmz_karagol · first_building Stable |
| 12:37 | sujing810 · age_up feudal |
| 12:44 | Ice Crystal Cold Star · age_up feudal |
| 12:51 | Ice Crystal Cold Star · wall_segment Stone Wall x32 |
| 13:01 | lingluo · age_up feudal |
| 13:35 | 伯乐看了都说好马 · age_up feudal |
| 14:37 | sujing810 · first_market_sell 100 wood |
| 14:38 | sujing810 · first_market_buy 100 food |
| 14:59 | lingluo · wall_segment Stone Wall x27 |
| 15:46 | 小鱼儿 · first_building Barracks |
| 16:08 | wofu · age_up castle |
| 16:42 | ylmz_karagol · age_up castle |
| 17:36 | sujing810 · age_up castle |
| 19:03 | Ice Crystal Cold Star · first_market_buy 100 food |
| 19:13 | sese · age_up castle |
| 20:31 | 伯乐看了都说好马 · first_building Barracks |
| 21:03 | 小鱼儿 · age_up feudal |
| 21:29 | 伯乐看了都说好马 · age_up castle |
| 21:30 | 伯乐看了都说好马 · first_building Castle |
| 21:38 | wofu · first_building Monastery |
| 21:38 | 伯乐看了都说好马 · first_market_buy 500 stone |
| 21:46 | Ice Crystal Cold Star · age_up castle |
| 21:55 | lingluo · age_up castle |
| 24:53 | wofu · first_building Castle |
| 25:09 | ylmz_karagol · first_building Castle |
| 26:20 | 小鱼儿 · first_building Stable |
| 26:45 | wofu · first_building Barracks |
| 26:45 | lingluo · first_building Stable |
| 27:03 | lingluo · wall_segment Stone Wall x29 |
| 27:23 | wofu · first_building Archery Range |
| 27:26 | wofu · first_building Stable |
| 27:28 | ylmz_karagol · first_building Monastery |
| 27:29 | wofu · first_building Siege Workshop |
| 28:03 | sese · first_building Castle |
| 28:09 | Ice Crystal Cold Star · wall_segment Stone Wall x30 |
| 28:29 | sujing810 · first_building Barracks |
| 29:27 | sujing810 · first_building Archery Range |
| 30:19 | wofu · age_up imperial |
| 30:24 | 小鱼儿 · age_up castle |
| 31:23 | lingluo · first_building Castle |
| 31:55 | sujing810 · first_building Monastery |
| 32:20 | sujing810 · first_building Castle |
| 33:23 | Ice Crystal Cold Star · first_building Monastery |
| 33:39 | Ice Crystal Cold Star · wall_segment Stone Wall x32 |
| 33:48 | ylmz_karagol · age_up imperial |
| 35:12 | lingluo · age_up imperial |
| 35:58 | 伯乐看了都说好马 · first_market_sell 500 food |
| 36:24 | sese · age_up imperial |
| 36:50 | 小鱼儿 · first_building Castle |
| 36:52 | sujing810 · age_up imperial |
| 37:01 | sujing810 · first_building Siege Workshop |
| 37:01 | 小鱼儿 · first_building Monastery |
| 37:39 | sese · first_building Siege Workshop |
| 37:49 | Ice Crystal Cold Star · age_up imperial |
| 37:59 | Ice Crystal Cold Star · first_building Barracks |
| 38:02 | Ice Crystal Cold Star · first_building Siege Workshop |
| 38:57 | Ice Crystal Cold Star · first_building Stable |
| 39:12 | 伯乐看了都说好马 · first_building Siege Workshop |
| 39:16 | 伯乐看了都说好马 · first_building Stable |
| 40:23 | Ice Crystal Cold Star · first_building Castle |
| 41:32 | 伯乐看了都说好马 · age_up imperial |
| 43:22 | Ice Crystal Cold Star · first_market_sell 500 food |
| 43:48 | lingluo · first_market_buy 500 stone |
| 43:58 | 小鱼儿 · age_up imperial |
| 44:26 | wofu · first_market_sell 500 stone |
| 44:30 | wofu · first_market_buy 100 wood |
| 46:09 | lingluo · wall_segment Stone Wall x1 |
| 46:33 | sujing810 · first_building Stable |
| 46:35 | 小鱼儿 · first_market_sell 100 wood |
| 47:53 | 小鱼儿 · first_building Siege Workshop |
| 50:21 | Ice Crystal Cold Star · wall_segment Stone Wall x29 |
| 50:22 | Ice Crystal Cold Star · wall_segment Stone Wall x8 |
| 50:25 | Ice Crystal Cold Star · wall_segment Stone Wall x13 |
| 50:26 | Ice Crystal Cold Star · wall_segment Stone Wall x7 |
| 53:41 | 伯乐看了都说好马 · tribute_sent a jugador 1 |
| 53:41 | 伯乐看了都说好马 · tribute_sent a jugador 3 |
| 53:41 | 伯乐看了都说好马 · tribute_sent a jugador 4 |
| 53:41 | 伯乐看了都说好马 · tribute_sent a jugador 5 |
| 53:41 | 伯乐看了都说好马 · tribute_sent a jugador 6 |
| 53:41 | 伯乐看了都说好马 · tribute_sent a jugador 7 |
| 53:41 | 伯乐看了都说好马 · tribute_sent a jugador 8 |
| 56:38 | Ice Crystal Cold Star · wall_segment Stone Wall x27 |
| 61:37 | Ice Crystal Cold Star · wall_segment Stone Wall x6 |
| 61:38 | Ice Crystal Cold Star · wall_segment Stone Wall x9 |
| 61:42 | Ice Crystal Cold Star · wall_segment Stone Wall x8 |
| 61:52 | Ice Crystal Cold Star · wall_segment Stone Wall x7 |
| 61:58 | Ice Crystal Cold Star · wall_segment Stone Wall x44 |
| 62:02 | sese · first_building Barracks |
| 64:21 | sese · first_building Stable |
| 66:03 | ylmz_karagol · first_market_buy 100 stone |
| 67:13 | sese · first_market_sell 100 wood |
| 67:35 | Ice Crystal Cold Star · wall_segment Stone Wall x32 |
| 67:41 | sese · first_building Archery Range |
| 69:51 | lingluo · first_building Monastery |
| 70:01 | lingluo · first_building Barracks |
| 72:18 | Ice Crystal Cold Star · wall_segment Stone Wall x8 |
| 73:56 | Ice Crystal Cold Star · wall_segment Stone Wall x16 |
| 73:59 | Ice Crystal Cold Star · wall_segment Stone Wall x7 |
| 75:00 | Ice Crystal Cold Star · wall_segment Stone Wall x6 |
| 75:05 | Ice Crystal Cold Star · wall_segment Stone Wall x5 |
| 75:06 | Ice Crystal Cold Star · wall_segment Stone Wall x4 |
| 75:09 | Ice Crystal Cold Star · wall_segment Stone Wall x4 |
| 78:26 | Ice Crystal Cold Star · wall_segment Stone Wall x9 |
| 80:48 | sese · tribute_sent a jugador 1 |
| 80:48 | sese · tribute_sent a jugador 2 |
| 80:48 | sese · tribute_sent a jugador 4 |
| 80:48 | sese · tribute_sent a jugador 5 |
| 80:48 | sese · tribute_sent a jugador 6 |
| 80:48 | sese · tribute_sent a jugador 7 |
| 80:48 | sese · tribute_sent a jugador 8 |
| 81:47 | sese · tribute_sent a jugador 1 |
| 81:47 | sese · tribute_sent a jugador 2 |
| 81:47 | sese · tribute_sent a jugador 4 |
| 81:47 | sese · tribute_sent a jugador 5 |
| 81:47 | sese · tribute_sent a jugador 6 |
| 81:47 | sese · tribute_sent a jugador 7 |
| 81:47 | sese · tribute_sent a jugador 8 |
| 86:40 | Ice Crystal Cold Star · wall_segment Stone Wall x1 |
| 87:21 | sese · tribute_sent a jugador 1 |
| 87:21 | sese · tribute_sent a jugador 2 |
| 87:21 | sese · tribute_sent a jugador 4 |
| 87:21 | sese · tribute_sent a jugador 5 |
| 87:21 | sese · tribute_sent a jugador 6 |
| 87:21 | sese · tribute_sent a jugador 7 |
| 87:21 | sese · tribute_sent a jugador 8 |
| 101:50 | sese · tribute_sent a jugador 1 |
| 101:50 | sese · tribute_sent a jugador 2 |
| 101:50 | sese · tribute_sent a jugador 4 |
| 101:50 | sese · tribute_sent a jugador 5 |
| 101:50 | sese · tribute_sent a jugador 6 |
| 101:50 | sese · tribute_sent a jugador 7 |
| 101:50 | sese · tribute_sent a jugador 8 |
| 101:57 | lingluo · tribute_sent a jugador 2 |
| 101:57 | lingluo · tribute_sent a jugador 3 |
| 101:57 | lingluo · tribute_sent a jugador 4 |
| 101:57 | lingluo · tribute_sent a jugador 5 |
| 101:57 | lingluo · tribute_sent a jugador 6 |
| 101:57 | lingluo · tribute_sent a jugador 7 |
| 101:57 | lingluo · tribute_sent a jugador 8 |
| 113:15 | 伯乐看了都说好马 · tribute_sent a jugador 1 |
| 113:15 | 伯乐看了都说好马 · tribute_sent a jugador 3 |
| 113:15 | 伯乐看了都说好马 · tribute_sent a jugador 4 |
| 113:15 | 伯乐看了都说好马 · tribute_sent a jugador 5 |
| 113:15 | 伯乐看了都说好马 · tribute_sent a jugador 6 |
| 113:15 | 伯乐看了都说好马 · tribute_sent a jugador 7 |
| 113:15 | 伯乐看了都说好马 · tribute_sent a jugador 8 |
| 120:33 | sese · tribute_sent a jugador 1 |
| 120:33 | sese · tribute_sent a jugador 2 |
| 120:33 | sese · tribute_sent a jugador 4 |
| 120:33 | sese · tribute_sent a jugador 5 |
| 120:33 | sese · tribute_sent a jugador 6 |
| 120:33 | sese · tribute_sent a jugador 7 |
| 120:33 | sese · tribute_sent a jugador 8 |
| 120:40 | Ice Crystal Cold Star · tribute_sent a jugador 1 |
| 120:40 | Ice Crystal Cold Star · tribute_sent a jugador 2 |
| 120:40 | Ice Crystal Cold Star · tribute_sent a jugador 3 |
| 120:40 | Ice Crystal Cold Star · tribute_sent a jugador 5 |
| 120:40 | Ice Crystal Cold Star · tribute_sent a jugador 6 |
| 120:40 | Ice Crystal Cold Star · tribute_sent a jugador 7 |
| 120:40 | Ice Crystal Cold Star · tribute_sent a jugador 8 |
| 121:15 | sese · tribute_sent a jugador 1 |
| 121:15 | sese · tribute_sent a jugador 2 |
| 121:15 | sese · tribute_sent a jugador 4 |
| 121:15 | sese · tribute_sent a jugador 5 |
| 121:15 | sese · tribute_sent a jugador 6 |
| 121:15 | sese · tribute_sent a jugador 7 |
| 121:15 | sese · tribute_sent a jugador 8 |
| 122:12 | Ice Crystal Cold Star · wall_segment Stone Wall x4 |
| 122:32 | Ice Crystal Cold Star · wall_segment Stone Wall x11 |
| 123:28 | sujing810 · resign |
| 123:42 | Ice Crystal Cold Star · wall_segment Stone Wall x6 |
[ ANÁLISIS IA · 1 CRÉDITO ]
¿Qué pasó realmente en esta partida?
Wolo.gg analiza cada decisión: build order, eco, micro, errores típicos por bracket. Análisis personalizado por WhatsApp o Discord en 30 segundos.
Guía civ
Persas
Perfil
Jugador #6819652